 Dungeon Crawl Stone Soup version 0.21.1-1-g345015f (webtiles) character file.

26003 infcreate the Severer (level 12, -5/110 HPs)
             Began as a Minotaur Fighter on May 2, 2018.
             Was a High Priest of Okawaru.
             Splashed by an oklob plant's acid (12 damage)
             ... on level 3 of the Lair of Beasts.
             The game lasted 01:30:38 (14905 turns).

infcreate the Severer (Minotaur Fighter)           Turns: 14905, Time: 01:30:39

Health: -5/110     AC: 14    Str: 26    XL:     12   Next: 94%
Magic:  0/11       EV:  9    Int:  8    God:    Okawaru [*****.]
Gold:   1015       SH: 20    Dex: 10    Spells: 11/11 levels left

rFire    . . .     SeeInvis .   L - +4 war axe (chop)
rCold    . . .     Gourm    +   O - +1 large shield
rNeg     . . .     Faith    .   j - +1 plate armour
rPois    .         Spirit   +   I - +1 hat {Int+3}
rElec    .         Reflect  .   N - scarf {Spirit}
rCorr    .         Harm     .   n - +2 pair of gloves
MR       .....                  s - +0 pair of boots
Stlth    ..........             Q - amulet of the gourmand (curse)
HPRegen  0.28/turn              x - ring "Pen Zeom" {+Blink +Fly}
MPRegen  0.12/turn              l - +4 ring of evasion

@: vulnerable, corroded, studying Ice Magic
A: retaliatory headbutt, horns 2
a: Heroism, Finesse, Renounce Religion, Evoke Blink, Evoke Flight


You were on level 3 of the Lair of Beasts.
You worshipped Okawaru.
Okawaru was extremely pleased with you.
You were not hungry.

You visited 4 branches of the dungeon, and saw 15 of its levels.
You also visited: Ossuary and Ice Cave.

You collected 1015 gold pieces.

Inventory:

Hand Weapons
 L - a +4 war axe of chopping (weapon)
 U - the +1 war axe of Uroimu {chop, rC+}
   (Okawaru gifted it to you in an ice cave)

   It inflicts extra damage upon your enemies.
   It protects you from cold.
Armour
 j - a +1 plate armour (worn)
 n - a +2 pair of gloves (worn)
 s - a +0 pair of boots (worn)
 I - a +1 hat of intelligence (worn)
 N - a scarf of spirit shield (worn)
 O - a +1 large shield (worn)
 Z - a +1 cloak of cold resistance
Jewellery
 l - a +4 ring of evasion (right hand)
 x - the ring "Pen Zeom" (left hand) {+Blink +Fly}
   (You found it on level 5 of the Dungeon)

   [ring of flight]

   It lets you fly.
   It lets you blink.
 Q - a cursed amulet of the gourmand (around neck)
 Y - an uncursed ring of ice {unknown}
Wands
 c - a wand of random effects (21)
 m - a wand of digging (6)
 V - a wand of iceblast (16)
Scrolls
 e - 2 scrolls of blinking
 g - 2 scrolls of enchant armour
 i - 11 scrolls of identify
 k - 3 scrolls of fog
 o - 3 scrolls of remove curse
 q - 5 scrolls of amnesia
 v - a scroll of enchant weapon
 z - 4 scrolls of teleportation
 B - a scroll of immolation
 C - a scroll of noise
 J - 3 scrolls of fear
 T - a scroll of magic mapping
Potions
 a - 2 potions of flight {unknown}
 b - 2 potions of mutation
 d - 3 potions of might
 h - 2 potions of curing
 p - 3 potions of cancellation {unknown}
 r - a potion of brilliance {unknown}
 t - a potion of heal wounds
 u - a potion of invisibility {unknown}
 w - a potion of haste
 A - a potion of lignification {unknown}
 D - a potion of experience {unknown}
 F - 2 potions of degeneration {unknown}
 G - a potion of berserk rage {unknown}
 H - a potion of agility {unknown}
 K - 2 potions of resistance {unknown}
Books
 y - a book of Minor Magic

   Spells                             Type                      Level
   a - Magic Dart                     Conjuration                  1
   b - Blink                          Translocation                2
   c - Call Imp                       Summoning                    2
   d - Slow                           Hexes                        2
   e - Conjure Flame                  Conjuration/Fire             3
   f - Mephitic Cloud                 Conjuration/Poison/Air       3
 E - a book of Flames

   Spells                             Type                      Level
   a - Flame Tongue                   Conjuration/Fire             1
   b - Throw Flame                    Conjuration/Fire             2
   c - Conjure Flame                  Conjuration/Fire             3
   d - Inner Flame                    Hexes/Fire                   3
   e - Sticky Flame                   Conjuration/Fire             4
   f - Fireball                       Conjuration/Fire             5
 M - a book of Spatial Translocations

   Spells                             Type                      Level
   a - Blink                          Translocation                2
   b - Shroud of Golubria             Charms/Translocation         2
   c - Lesser Beckoning               Translocation                3
   d - Gell's Gravitas                Translocation                3
   e - Teleport Other                 Translocation                3
   f - Passage of Golubria            Translocation                4
 R - a book of Callings

   Spells                             Type                      Level
   a - Summon Small Mammal            Summoning                    1
   b - Call Imp                       Summoning                    2
   c - Call Canine Familiar           Summoning                    3
   d - Summon Guardian Golem          Hexes/Summoning              3
   e - Summon Lightning Spire         Summoning/Air                4
   f - Summon Ice Beast               Ice/Summoning                4
 S - a book of Enchantments

   Spells                             Type                      Level
   a - Cause Fear                     Hexes                        4
   b - Yara's Violent Unravelling     Hexes/Transmutation          5
   c - Silence                        Hexes/Air                    5
   d - Deflect Missiles               Charms/Air                   6
   e - Discord                        Hexes                        8
 W - a manual of Ice Magic
 X - a manual of Ice Magic
Comestibles
 f - 19 rations


   Skills:
 + Level 11.5 Fighting
 + Level 16.5 Axes
 + Level 11.3 Armour
 + Level 12.5 Shields
 + Level 1.1 Invocations
 + Level 0.6 Evocations


You had 11 spell levels left.
You didn't know any spells.

Dungeon Overview and Level Annotations

Branches:
Dungeon (10/15)            Temple (1/1) D:6            Lair (3/6) D:10
 Shoals (0/4) Lair:2          Orc (1/2) D:9
  Snake: Lair:2-4    Spider: Lair:2-4

Altars:
Cheibriados
Dithmenos
Elyvilon
Gozag
Hepliaklqana
Kikubaaqudgha
Makhleb
Okawaru
Qazlal
Ru
Uskayaw
Vehumet
Wu Jian
Yredelemnul
Zin
The Shining One
Beogh

Shops:
D:8 [*[

Annotations:
Lair:3 exclusion: oklob plant


Innate Abilities, Weirdness & Mutations

You reflexively headbutt those who attack you in melee.
You have a pair of horns on your head.


Message History

You headbutt the oklob plant, but do no damage.
The oklob plant is severely damaged.
The oklob plant spits acid at you. The splash of acid hits you!
* * * LOW HITPOINT WARNING * * *
You are splashed with acid!
The acid burns!
* * * LOW HITPOINT WARNING * * *
You slash the oklob plant!
You destroy the oklob plant!
Okawaru accepts your kill.
You have no spells to forget!
As you read the scroll labeled CAIDAQ VEGRI, it crumbles to dust.
Magic quickly surges around you.
It was a scroll of vulnerability.
You see here 24 gold pieces.
You now have 1015 gold pieces (gained 24).
The oklob plant spits acid at you. The splash of acid hits you!
* * * LOW HITPOINT WARNING * * *
The acid corrodes you!
You are splashed with acid!
The acid burns!
You die...

####### #$))[.# #$.[.@# #}P?$!#
#$?..?# #!$.[%# ##
#######PPP..####### #### ##
.#####..#.#.).....#.##.####..###.
.....P....#..............>.......
###...P#...##..#..........#.#...#
# #..###..##P.............[#....#


You could see an oklob plant.

Vanquished Creatures
  Gastronok (D:8)
  The ghost of ReniFell the Cleaver, a journeyman HOBe of Trog (Lair:2)
  Erica (D:8)
  The ghost of manyhoops the Fighter, a novice GnWn of Makhleb (D:8)
  2 two-headed ogres
  A tengu warrior (D:10)
  Pikel (D:5)
  The ghost of Tiareth the Magician, a novice DECj of Cheibriados (D:7)
  3 oklob plants (Lair:3)
  A torpor snail (Lair:2)
  4 spiny frogs
  A centaur skeleton (D:10)
  10 freezing wraiths (IceCv)
  A komodo dragon (Lair:3)
  2 trolls (Orc:1)
  A hornet (Lair:3)
  3 blink frogs (Lair:2)
  A wolf spider simulacrum (IceCv)
  The ghost of Terandir the Shield-Bearer, an amateur GrFi (D:4)
  Sigmund (D:2)
  A wraith (D:10)
  2 wyverns
  Eustachio (D:5)
  18 yaks
  A hungry ghost (D:8)
  2 basilisks
  A death yak simulacrum (IceCv)
  3 water moccasins
  8 orc warriors
  3 porcupines
  An alligator simulacrum (IceCv)
  A sky beast (D:5)
  18 ice beasts
  2 necrophages
  3 phantoms
  5 ogres
  7 wolves (Lair:3)
  5 crocodiles
  Blork the orc (D:4)
  8 bullfrogs
  A water moccasin zombie (Ossuary)
  2 gnoll sergeants
  9 scorpions
  6 howler monkeys
  4 crimson imps
  4 jellies
  A quasit (D:8)
  2 draconian simulacra (IceCv)
  8 orc priests
  3 bullfrog zombies
  3 hounds
  Crazy Yiuf (D:3)
  9 orc wizards
  2 iguanas
  Jessica (D:2)
  Natasha (twice) (D:2)
  A polar bear simulacrum (IceCv)
  3 spriggan simulacra (IceCv)
  4 worker ants
  6 troll simulacra (IceCv)
  4 big kobold zombies (Ossuary)
  2 centaur simulacra (IceCv)
  2 mummies (Ossuary)
  Robin (D:3)
  4 adders
  8 gnolls
  A howler monkey skeleton (D:8)
  2 ogre simulacra (IceCv)
  5 naga simulacra (IceCv)
  A shadow imp (D:5)
  12 white imps (IceCv)
  5 oozes (D:9)
  An adder skeleton (D:7)
  3 adder zombies (Ossuary)
  3 worms
  2 dart slugs
  4 leopard geckos
  35 orcs
  6 giant cockroaches
  4 gnoll zombies (Ossuary)
  13 goblins
  4 hobgoblins
  9 jackals
  3 quokkas
  11 bats
  6 frilled lizards
  8 hobgoblin zombies (Ossuary)
  A jackal skeleton (D:4)
  7 kobolds
  7 kobold zombies (Ossuary)
  A leopard gecko zombie (D:6)
  An orc zombie (Ossuary)
  2 quokka zombies (D:8)
  2 rats
  2 fungi (D:6)
  3 plants
386 creatures vanquished.

Vanquished Creatures (others)
  A necromancer (IceCv)
  A slave (D:5)
  An ogre (D:5)
  2 orc priests (D:5)
  An orc (D:5)
  2 fungi
8 creatures vanquished.

Grand Total: 394 creatures vanquished

Notes
Turn   | Place    | Note
-------+----------+-------------------------------------------
     0 | D:1      | infcreate the Minotaur Fighter began the quest for the Orb.
     0 | D:1      | Reached XP level 1. HP: 19/19 MP: 0/0
   458 | D:1      | Reached XP level 2. HP: 27/27 MP: 1/1
  1059 | D:2      | Found a shadowy altar of Dithmenos.
  1204 | D:2      | Noticed Jessica
  1213 | D:2      | Killed Jessica
  1213 | D:2      | Reached XP level 3. HP: 19/33 MP: 2/2
  1454 | D:2      | Noticed Natasha
  1457 | D:2      | Killed Natasha
  1457 | D:2      | Reached skill level 3 in Axes
  1457 | D:2      | Reached XP level 4. HP: 40/40 MP: 3/3
  1531 | D:2      | Noticed Natasha
  1551 | D:2      | Killed Natasha
  1715 | D:2      | Noticed Sigmund
  1735 | D:2      | Killed Sigmund
  1735 | D:2      | Reached skill level 4 in Axes
  1735 | D:2      | Reached skill level 5 in Armour
  1735 | D:2      | Reached skill level 5 in Shields
  1735 | D:2      | Reached XP level 5. HP: 17/47 MP: 4/4
  2100 | D:3      | Reached XP level 6. HP: 53/53 MP: 5/5
  2175 | D:3      | Reached skill level 5 in Axes
  2212 | D:3      | Found a runed door.
  2501 | D:3      | Noticed Crazy Yiuf
  2512 | D:3      | Killed Crazy Yiuf
  2822 | D:3      | Noticed Robin
  2866 | D:3      | Killed Robin
  2888 | D:3      | Got a transparent helmet
  2977 | D:3      | Found a snail-covered altar of Cheibriados.
  3384 | D:4      | Noticed Terandir's ghost (amateur GrFi)
  3397 | D:4      | Reached XP level 7. HP: 50/60 MP: 6/6
  3536 | D:4      | Reached skill level 6 in Axes
  3763 | D:4      | Killed Terandir's ghost
  3763 | D:4      | Reached skill level 5 in Fighting
  4198 | D:4      | Noticed Blork the orc
  4204 | D:4      | Killed Blork the orc
  4204 | D:4      | Reached skill level 7 in Axes
  4366 | D:5      | Entered Level 5 of the Dungeon
  4487 | D:5      | Noticed Pikel
  4510 | D:5      | Killed Pikel
  4510 | D:5      | Reached skill level 8 in Axes
  4510 | D:5      | Reached XP level 8. HP: 46/70 MP: 7/7
  4673 | D:5      | Noticed Eustachio
  4706 | D:5      | Killed Eustachio
  4706 | D:5      | Reached skill level 9 in Axes
  5289 | D:5      | Got a transparent iron ring
  5341 | D:5      | Identified the ring "Pen Zeom" {+Blink +Fly} (You found it on level 5 of the Dungeon)
  5450 | D:6      | Reached XP level 9. HP: 72/78 MP: 8/8
  5511 | D:6      | Reached skill level 10 in Axes
  5861 | D:6      | Found a staircase to the Ecumenical Temple.
  5945 | Temple   | Entered the Ecumenical Temple
  5987 | Temple   | Became a worshipper of Warmaster Okawaru
  6278 | D:7      | Noticed Tiareth's ghost (novice DECj)
  6595 | D:7      | Reached skill level 11 in Axes
  6607 | D:7      | Killed Tiareth's ghost
  6661 | D:7      | Reached * piety under Okawaru
  6918 | D:8      | Found Oduugradd's Armour Shoppe.
  6960 | D:8      | Noticed Erica
  6980 | D:8      | Killed Erica
  6980 | D:8      | Reached XP level 10. HP: 54/86 MP: 9/9
  7070 | D:8      | Reached ** piety under Okawaru
  7108 | D:8      | Reached skill level 12 in Axes
  7119 | D:8      | Found Puog's General Store.
  7120 | D:8      | Noticed Gastronok
  7134 | D:8      | Found a hide-covered altar of Uskayaw.
  7149 | D:8      | Found a sand-covered staircase.
  7156 | Ossuary  | Entered an ossuary
  7346 | D:8      | Killed Gastronok
  7346 | D:8      | Reached *** piety under Okawaru
  7346 | D:8      | Reached skill level 13 in Axes
  7383 | D:8      | Found Qubbuiw's Armour Emporium.
  7537 | D:8      | Noticed manyhoops's ghost (novice GnWn)
  8124 | D:8      | Killed manyhoops's ghost
  8124 | D:8      | Reached **** piety under Okawaru
  8674 | D:9      | Reached XP level 11. HP: 88/95 MP: 10/10
  8901 | D:9      | Found a staircase to the Orcish Mines.
  8903 | D:9      | Noticed a two-headed ogre
  8909 | D:9      | Killed a two-headed ogre
  9459 | D:10     | Entered Level 10 of the Dungeon
  9469 | D:10     | Reached skill level 14 in Axes
  9472 | D:10     | Reached ***** piety under Okawaru
  9474 | D:10     | Reached skill level 10 in Shields
  9583 | D:10     | Found a staircase to the Lair.
  9677 | Orc:1    | Entered Level 1 of the Orcish Mines
  9692 | Orc:1    | Received a gift from Okawaru
 10119 | Orc:1    | Found a transporter.
 10284 | Orc:1    | Noticed an ettin
 10284 | Orc:1    | Noticed an ettin
 10284 | Orc:1    | Noticed an orc sorcerer
 10284 | Orc:1    | Found a roughly hewn altar of Beogh.
 10285 | Orc:1    | Noticed an orc sorcerer
 10285 | Orc:1    | Noticed an orc high priest
 10286 | Orc:1    | Noticed an orc knight
 10802 | D:10     | Noticed a tengu warrior
 10821 | D:10     | Killed a tengu warrior
 10845 | D:10     | Noticed a two-headed ogre
 10858 | D:10     | Killed a two-headed ogre
 10867 | D:10     | Reached skill level 10 in Armour
 11088 | Lair:1   | Entered Level 1 of the Lair of Beasts
 11131 | Lair:1   | Received a gift from Okawaru
 11231 | Lair:1   | Reached skill level 10 in Fighting
 11633 | Lair:2   | Reached skill level 15 in Axes
 11654 | Lair:2   | Reached XP level 12. HP: 106/106 MP: 11/11
 11832 | Lair:2   | Noticed ReniFell's ghost (journeyman HOBe)
 11861 | Lair:2   | Killed ReniFell's ghost
 12255 | Lair:2   | Found a staircase to the Shoals.
 13079 | Lair:3   | Found a frozen archway.
 13097 | Lair:3   | Reached skill level 16 in Axes
 13104 | IceCv    | Entered an ice cave
 13604 | IceCv    | Found an ancient bone altar of Kikubaaqudgha.
 13632 | IceCv    | Received a gift from Okawaru
 13638 | IceCv    | Reached skill level 1 in Invocations
 13649 | IceCv    | HP: 4/110 [troll simulacrum (18)]
 13651 | IceCv    | HP: 1/110 [white imp/puff of frost (4)]
 13933 | IceCv    | Got a slimy war axe {god gift}
 13934 | IceCv    | Identified the +1 war axe of Uroimu {chop, rC+} (Okawaru gifted it to you in an ice cave)
 14905 | Lair:3   | Splashed by an oklob plant's acid

Skill      XL: |  1  2  3  4  5  6  7  8  9 10 11 12 |
---------------+-------------------------------------+-----
Armour         | 4 5 6 7 8 10 11 | 11.3
Shields        | 4 5 6 7 9 11 12 | 12.5
Fighting       | 4 5 6 7 8 10 11 | 11.5
Axes           | 3 4 5 8 9 11 13 15 16 | 16.5
Invocations    | 1 |  1.1
Evocations     | |  0.6

Action                   |  1- 3 |  4- 6 |  7- 9 | 10-12 || total
-------------------------+-------+-------+-------+-------++-------
Melee: War axe           |    41 |   177 |       |   577 ||   795
       Headbutt          |     9 |    22 |    60 |   175 ||   266
       Broad axe         |       |    18 |   335 |   176 ||   529
       Unarmed           |       |    14 |       |       ||    14
Invok: Heroism           |       |       |       |     2 ||     2
Evoke: Wand              |       |       |       |     1 ||     1
  Use: Scroll            |       |     5 |     1 |    12 ||    18
       Potion            |       |     1 |       |     4 ||     5
 Stab: Confused          |       |     1 |       |       ||     1
  Eat: Chunk             |     2 |     6 |     2 |     5 ||    15
       Ration            |       |       |     3 |     8 ||    11
Armor: Scale mail        |     2 |       |       |       ||     2
       Plate armour      |    27 |    51 |   172 |   218 ||   468
       Ring mail         |       |    38 |       |       ||    38
       Skin              |       |     2 |       |       ||     2
Dodge: Dodged            |     8 |    46 |    85 |   162 ||   301
Block: Shield            |    21 |    98 |   194 |   145 ||   458
       Large shield      |       |       |       |   282 ||   282
